 Dungeon Crawl Stone Soup version 0.14-a0-1444-g21dc12d (webtiles) character file.

61 4tharraofdagon the Firebug (level 2, 0/20 HPs)
             Began as a Centaur Fire Elementalist on Dec 12, 2013.
             Succumbed to Ucza Tuett's splash of poison
             ... on Level 6 of the Dungeon.
             The game lasted 00:02:48 (418 turns).

4tharraofdagon the Firebug (CeFE)                    Turns: 418, Time: 00:02:48

HP   0/20        AC  5     Str 10      XL: 2   Next: 55%
MP   3/3         EV  9     Int 14      God:
Gold 42          SH  0     Dex  9      Spells:  1 memorised,  3 levels left

rFire  . . .     SeeInvis .     j - plain deck of war {drawn: 6}
rCold  + . .     Clarity  .     a - +0 robe
rNeg   . . .     Conserve .     (no shield)
rPois  .         rCorr    .     e - +0 helmet
rElec  .         rRot     .     (no cloak)
SustAb . .       Spirit   .     (no gloves)
rMut   .         Warding  .     (no barding)
Saprov . . .     Stasis   .     (no amulet)
                                (no ring)
                                g - ring of protection from cold {unknown}

@: exhausted, mildly poisoned, slowed, not resistant to hostile enchantments,
very unstealthy
A: hooves 3, deformed body, herbivore 1, speed 2, fast metabolism 1, tough skin
3
a: no special abilities


You were on level 6 of the Dungeon.
You were not hungry.

You visited 1 branch of the dungeon, and saw 6 of its levels.

You collected 42 gold pieces.

Inventory:

Hand weapons
 d - a +0,+0 short sword
Armour
 a - a +0 robe (worn)
 e - a +0 helmet (worn)
Magical devices
 i - a wand of draining (0)
Comestibles
 c - 4 bread rations
 k - a lychee
Scrolls
 f - 3 scrolls of remove curse {unknown}
 l - 2 scrolls of fear {unknown}
 n - a scroll of identify {unknown}
 o - a scroll of magic mapping {unknown}
Jewellery
 g - a ring of protection from cold (left hand) {unknown}
Potions
 h - a potion of agility
 m - a potion of berserk rage
Books
 b - a book of Flames

   Spells                             Type                      Level
   *Flame Tongue                      Conjuration/Fire             1
   Throw Flame                        Conjuration/Fire             2
   Conjure Flame                      Conjuration/Fire             3
   Inner Flame                        Hexes/Fire                   3
   Sticky Flame                       Conjuration/Fire             4
   Fireball                           Conjuration/Fire             5
Miscellaneous
 j - a plain deck of war {drawn: 6} (in hand)


   Skills:
 - Level 1.3 Dodging
 - Level 1.2 Stealth
 + Level 1.8 Spellcasting
 * Level 1.6 Conjurations
 * Level 3.0 Fire Magic


You had 3 spell levels left.
You knew the following spells:

 Your Spells              Type           Power        Failure   Level  Hunger
a - Flame Tongue          Conj/Fire      #....        12%         1    ##.....


Dungeon Overview and Level Annotations

Branches:
Dungeon (6/16)
 Temple: D:4-7

Altars:
Nemelex Xobeh

Annotations:
D:4 Menkaure
D:5 Edmund, Eustachio, Prince Ribbit


Innate Abilities, Weirdness & Mutations

You have hooves in place of feet.
Armour fits poorly on your strangely shaped body.
You digest meat inefficiently.
You cover ground very quickly.
You have a fast metabolism.
You have extremely tough skin (AC +3).


Message History

* * * LOW HITPOINT WARNING * * *
You feel sick.
You feel a little better.
You feel a strong urge to attack something.
You feel your anger subside.
You are no longer berserk.
You pass out from exhaustion.
You feel yourself slow down.
* * * LOW HITPOINT WARNING * * *
You feel sick.
* * * LOW HITPOINT WARNING * * *
You feel sick.
You can move again.
Unknown command.
* * * LOW HITPOINT WARNING * * *
You feel sick.
* * * LOW HITPOINT WARNING * * *
You feel sick.
A giant frog comes into view.
You die...

### ⌠ #<# )?
#.# #% #.#
######### #.#
.....F...#
#.#
#####@#####.#
#...........#
#.###########


You could see a giant frog (sleeping).

Vanquished Creatures
  A giant mite (D:5)
  2 bats (D:5)
  A quokka (D:2)
  A giant cockroach (D:2)
  4 goblins
  A kobold (D:2)
  3 rats
13 creatures vanquished.

Notes
Turn   | Place    | Note
--------------------------------------------------------------
     0 | D:1      | 4tharraofdagon, the Centaur Fire Elementalist, began the quest for the Orb.
     0 | D:1      | Reached XP level 1. HP: 14/14 MP: 2/2
    11 | D:1      | Reached skill level 1 in Conjurations
   162 | D:3      | Reached XP level 2. HP: 11/20 MP: 1/3
   216 | D:4      | Noticed Menkaure
   234 | D:5      | Entered Level 5 of the Dungeon
   235 | D:5      | Found a sparkling altar of Nemelex Xobeh.
   247 | D:5      | Noticed Prince Ribbit
   250 | D:5      | Noticed Eustachio
   291 | D:5      | Noticed a komodo dragon
   330 | D:5      | Reached skill level 3 in Fire Magic
   336 | D:5      | Noticed Edmund
   395 | D:5      | Noticed Ucza Tuett
   415 | D:6      | HP: 1/20 [poisoned by Ucza Tuett (splash of poison)]
   418 | D:6      | Noticed a giant frog
   418 | D:6      | Succumbed to Ucza Tuett's splash of poison

Action                   || total
-------------------------++-------
Melee: Short sword       ||    20
 Cast: Flame Tongue      ||    16
Evoke: Deck              ||     6
       Wand              ||     4
  Use: Potion            ||     4
